Description

This is a timing attack that uses 2 tanks to push at a time when opponent protoss may be expanding. With a viking and a widow mine to defend early oracle harassment, this build specifically counters protoss who opens with stargate as his first tech.

At 5:30, you should have 2 tanks and 15 marines. It is highly preferable that you bring 2 more SCVs to build bunkers and repair tanks as you try to push for protoss' third base.

VOD

https://www.youtube.com/watch?v=IvsFURyis6Y

Build Order

Get SALT Encoding   

  14  0:17  Supply Depot  
  16  0:39  Barracks  
  16  0:44  Refinery  
  19  1:27  Reaper  
  20  1:28  Orbital Command  
  20  1:39  Command Center  
  20  1:49  Supply Depot  
  23  2:06  Factory  
  23  2:12  Refinery  
  24  2:22  Barracks Reactor  
  26  2:50  Starport  
  26  2:52  Orbital Command  
  26  2:53  Widow Mine  
  31  3:03  Barracks  
  35  3:23  Factory Tech Lab  
  36  3:27  Viking  
  39  3:35  Supply Depot  
  43  3:47  Engineering Bay  
  47  4:07  Stimpack  
  47  4:10  Supply Depot  
  47  4:13  Terran Infantry Weapons Level 1  
  47  4:17  Siege Tank  
  56  4:38  Barracks  
  59  4:48  Siege Tank  
  61  5:01  Medivac  
  66  5:10  Missile Turret x2  
Spawning Tool Build Advisor. Get it on Overwolf

Go to:

Details

  • Created by: xuganyu96
  • Published on: Nov 09, 2017
  • Modified on: Nov 09, 2017
  • Patch: 3.15.0
Show
View Real Time Build Order
Export as new Build Order

Comments (1)

On Nov. 14, 2017, 11:45 a.m., uttarayan  said:

buils demo starts at 9:52 in the video

Create an account to comment!